 Dungeon Crawl Stone Soup version 0.28.0-53-g5a82cb258f (webtiles) character file.

Game seed: 9731789684778090416

25 BreqofToren the Ducker (level 2, 0/14 HPs)
             Began as a Felid Berserker on May 30, 2022.
             Was a Follower of Trog.
             Slain by a worm (3 damage)
             ... on level 2 of the Dungeon.
             The game lasted 00:02:58 (1381 turns).

BreqofToren the Ducker (Felid Berserker)            Turns: 1381, Time: 00:02:59

Health: 0/14       AC:  1    Str: 13    XL:     2   Next: 86%
Magic:  3/3        EV: 18    Int:  8    God:    Trog [*.....]
Gold:   16         SH:  0    Dex: 15    Spells: 1/1 levels left
                                        Lives:  0   Deaths: 0

rFire   . . .      SeeInvis +     - Unarmed
rCold   . . .      Faith    .   (shield unavailable)
rNeg    . . .      Spirit   .   (armour unavailable)
rPois   .          Reflect  .   (helmet unavailable)
rElec   .          Harm     .   (cloak unavailable)
rCorr   .          Rampage  .   (gloves unavailable)
Will    .....                   (boots unavailable)
Stlth   ++........              (no amulet)
HPRegen 0.04/turn               (no ring)
MPRegen 0.08/turn               (no ring)

@: quick
A: very small, claws 1, fangs 3, see invisible, speed 1, shaggy fur 1, stealthy
paws, no weapons or thrown items, no armour, multi-lived
a: Renounce Religion, Berserk


You were on level 2 of the Dungeon.
You worshipped Trog.
Trog was aware of your devotion.
You visited 1 branch of the dungeon, and saw 2 of its levels.

You collected 16 gold pieces.

Inventory:

Potions
 a - a potion of haste


   Skills:
 + Level 3.2 Fighting
 + Level 4.3 Dodging
 + Level 1.4 Stealth
 * Level 3.4 Unarmed Combat


You had one spell level left.
You didn't know any spells.
Your spell library was empty.

Dungeon Overview and Level Annotations

Branches:
Dungeon (2/15)

Altars:


Innate Abilities, Weirdness & Mutations

You have sharp claws.
You have razor-sharp teeth.
You have supernaturally acute eyesight. (SInv)
You cover ground quickly. (Speed+)
You are covered in fur. (AC +1)
Your paws help you pounce on unaware monsters.
You are incapable of wielding weapons or throwing items.
You cannot wear armour.
You gain extra lives every three experience levels.


Message History

You are too injured to fight recklessly!
You are too injured to fight recklessly!
You are too injured to fight recklessly!
You are too injured to fight recklessly!
You are too injured to fight recklessly!
You are too injured to fight recklessly!
You are too injured to fight recklessly!
You are too injured to fight recklessly!
You are too injured to fight recklessly!
You are too injured to fight recklessly!
You are too injured to fight recklessly!
You are too injured to fight recklessly!
You are too injured to fight recklessly!
You are too injured to fight recklessly!
You are too injured to fight recklessly!
You are too injured to fight recklessly!
You are too injured to fight recklessly!
You scratch the worm.
The worm is lightly wounded.
The worm completely misses you.
A rat comes into view.
You scratch the worm.
The worm is moderately wounded.
A jackal comes into view.
You barely miss the worm.
The jackal barks!
You bite the worm.
The worm is moderately wounded.
The worm bites you.
* * * LOW HITPOINT WARNING * * *
A jackal comes into view.
You scratch the worm.
The worm is heavily wounded.
You barely miss the worm.
The worm is heavily wounded.
The worm barely misses you.
You scratch the worm. Your bite misses the worm.
The worm is severely wounded.
The worm bites you.
You die...

#..........
#######.#########
................. ##
#########.######### #.
......)<#.# #.
####....#.####.# ..
......#<.........
###.##########.#.####.#.
...#hhhw@r....#.#
.#####.#h##########.#
.........# #.#
.####....# #.# #.##.#
#.# ... ... .. ##. #...
#. ####. # ..


You could see a worm, 4 jackals and a rat.

Vanquished Creatures
  2 dart slugs (D:1)
  2 ball pythons (D:1)
  4 endoplasms (D:1)
  A hobgoblin (D:1)
  A quokka (D:2)
  2 bats (D:1)
  4 kobolds
  6 rats (D:1)
22 creatures vanquished.

Notes
Turn   | Place    | Note
-------+----------+-------------------------------------------
     0 | D:1      | BreqofToren the Felid Berserker began the quest for the
                  | Orb.
     0 | D:1      | Reached XP level 1. HP: 10/10 MP: 2/2
   330 | D:1      | Reached XP level 2. HP: 7/14 MP: 3/3
   512 | D:1      | Reached skill level 1 in Stealth
  1381 | D:2      | Slain by a worm

Illustrated notes

Levels and vault maps discovered:
D:1:      onia_arrival_handbag, layout_loops_ring, minivault_26,
          minmay_misc_feat_roman, chequers_decorated_corner,
          hangedman_decor_diamond_cutter
D:2:      layout_basic, basic_altar

Skill      XL: |  1  2 |
---------------+-------+-----
Stealth        | 1 |  1.4
Fighting       | |  3.2
Dodging        | |  4.3
Unarmed Combat | |  3.4

Action                   || total
-------------------------++-------
Melee: Unarmed           ||    55
       Bite              ||     5
  Use: Potion            ||     2
       Scroll            ||     1
 Stab: Sleeping          ||     8
Armor: Skin              ||     7
Dodge: Dodged            ||    34
